 Dungeon Crawl Stone Soup version 0.29-b1-12-g9e2288ab2a (webtiles) character file.

Game seed: 10853876958339853053

3 Zeldest the Insei (level 1, -3/13 HPs)
             Began as an Octopode Transmuter on Aug 24, 2022.
             Killed from afar by Natasha (8 damage)
             ... with a magic dart
             ... on level 2 of the Dungeon.
             The game lasted 00:00:28 (80 turns).

Zeldest the Insei (Octopode Transmuter)               Turns: 80, Time: 00:00:28

Health: -3/13      AC:  1    Str:  8 (9)  XL:     1   Next: 50%
Magic:  3/3        EV: 13    Int: 12 (15) God:
Gold:   0          SH:  0    Dex:  9 (12) Spells: 3/4 levels left

rFire   . . .      SeeInvis .     - Unarmed
rCold   . . .      Faith    .   (no shield)
rNeg    . . .      Spirit   .   (helmet currently unavailable)
rPois   .          Reflect  .   (no amulet)
rElec   .          Harm     .   (no ring)
rCorr   .          Rampage  .   (no ring)
Will    .....                   (no ring)
Stlth   ++........              (no ring)
HPRegen 0.04/turn               (no ring)
MPRegen 0.08/turn               (no ring)
                                (no ring)
                                (no ring)

@: appendages (expiring)
A: tentacle spike 3, almost no armour, amphibious, 8 rings, camouflage 1,
gelatinous body 1, (nimble swimmer 1), tentacles
a: End Transformation


You were on level 2 of the Dungeon.
One of your tentacles had grown a beastly spike.
You visited 1 branch of the dungeon, and saw 2 of its levels.

Inventory:

Scrolls
 c - a scroll of poison {unknown}
Potions
 a - a potion of lignification
 b - a potion of degeneration


   Skills:
 + Level 1.1 Fighting
 - Level 2.0 Dodging
 + Level 3.0 Unarmed Combat
 - Level 2.0 Spellcasting
 + Level 2.1 Transmutations


You had 3 spell levels left.
You knew the following spells:

 Your Spells              Type           Power      Damage    Failure   Level
a - Beastly Appendage     Tmut           12%        N/A       12%         1

Your spell library contained the following spells:

 Spells                   Type           Power      Damage    Failure   Level
 Wereblood                Tmut           6%         N/A       17%         2
 Spider Form              Tmut/Pois      3%         N/A       47%         3
 Ice Form                 Ice/Tmut       3%         N/A       87%         4


Dungeon Overview and Level Annotations

Branches:
Dungeon (2/15)

Altars:

Annotations:
D:2 Natasha


Innate Abilities, Weirdness & Mutations

One of your tentacles has grown a beastly spike.
You cannot wear most types of armour.
You are amphibious.
You can wear up to eight rings at the same time.
Your skin changes colour to match your surroundings (Stealth+).
Your rubbery body absorbs attacks. (AC +1, EV +1)
((You are camouflaged when in or above water. (Stealth+)))
You have tentacles for arms and can constrict up to eight enemies at once.


Message History

Your transformation is almost over.
You see here a frilled lizard corpse.
Your tentacle spike disappears.
Found a scroll labelled SIZENE COMEWIA.
A hobgoblin comes into view.
The hobgoblin shouts!
You see here a scroll labelled SIZENE COMEWIA.
c - a scroll labelled SIZENE COMEWIA The hobgoblin barely misses you.
Casting: Beastly Appendage (safe; 10% risk of failure)
Confirm with . or Enter, or press ? or * to list all spells.
One of your tentacles grows a vicious spike.
The hobgoblin hits you.
You tentacle-slap the hobgoblin but do no damage.
You grab the hobgoblin.
You constrict the hobgoblin, but do no damage.
The hobgoblin hits you.
* * * LOW HITPOINT WARNING * * *
You tentacle-slap the hobgoblin.
You pierce the hobgoblin.
You kill the hobgoblin!
Found a stone staircase leading down.
Your transformation is almost over.
There is a stone staircase leading down here.
You climb downwards.
There is a stone staircase leading up here.
Your tentacle spike disappears.
Casting: Beastly Appendage (safe; 10% risk of failure)
Confirm with . or Enter, or press ? or * to list all spells.
One of your tentacles grows a vicious spike.
Found an emerald potion.
Your transformation is almost over.
Natasha, Servant of Life and Death comes into view.
It was a potion of degeneration.
There was something very wrong with that liquid.
You feel weakened.
You feel dopey.
You feel clumsy.
Natasha hisses angrily.
You hear a shout!
Natasha casts a spell at you. The magic dart hits you!
Ouch! That really hurt!
You die...

#.# #.# #.#
#.# #.# #.#
#.# .#
#.####...#.
#!.@.h.....
######...#.
.#


You could see Natasha.

Vanquished Creatures
  An endoplasm (D:1)
  A hobgoblin (D:1)
  A frilled lizard (D:1)
3 creatures vanquished.

Notes
Turn   | Place    | Note
-------+----------+-------------------------------------------
     0 | D:1      | Zeldest the Octopode Transmuter began the quest for the
                  | Orb.
     0 | D:1      | Reached XP level 1. HP: 13/13 MP: 3/3
    75 | D:2      | Noticed Natasha
    80 | D:2      | Killed from afar by Natasha

Illustrated notes

Levels and vault maps discovered:
D:1:      dpeg_arrival_boxes_within_box, layout_basic
D:2:      layout_basic, basic_altar, serial_shops, shop, nicolae_lakefront_shop,
          uniq_robin, uniq_natasha

Action                   || total
-------------------------++-------
Melee: Unarmed           ||     6
       Kick              ||     2
       Constrict         ||     1
       Punch             ||     1
 Cast: Beastly Appendage ||     3
  Use: Potion            ||     1
Dodge: Dodged            ||     2
